 Dungeon Crawl Stone Soup version 0.28.0 (webtiles) character file.

Game seed: 5027373613028414551

113 Jerry the Skirmisher (level 4, -1/38 HPs)
             Began as a Demigod Fighter on Feb 9, 2022.
             Slain by a killer bee zombie (4 damage)
             ... on level 3 of the Dungeon.
             The game lasted 00:05:01 (3633 turns).

Jerry the Skirmisher (Demigod Fighter)              Turns: 3633, Time: 00:05:01

Health: -1/38      AC:  4    Str: 25    XL:     4   Next: 39%
Magic:  6/6        EV: 10    Int: 10    God:
Gold:   146        SH:  5    Dex: 13    Spells: 3/3 levels left

rFire   . . .      SeeInvis .   a - +0 flail
rCold   + . .      Faith    .   c - +0 buckler
rNeg    + . .      Spirit   .   m - +1 leather armour of the Ladybird {rC+ rN+ Str+4}
rPois   .          Reflect  .   (no helmet)
rElec   .          Harm     .   (no cloak)
rCorr   .          Rampage  .   (no gloves)
Will    .....                   (no boots)
Stlth   +.........              (no amulet)
HPRegen 0.12/turn               (no ring)
MPRegen 0.10/turn               (no ring)

@: no status effects
A: high MP 1, forlorn, divine attributes
a: no special abilities


You were on level 3 of the Dungeon.
You visited 1 branch of the dungeon, and saw 3 of its levels.

You collected 146 gold pieces.

Inventory:

Hand Weapons
 a - a +0 flail (weapon)
Armour
 b - a +0 scale mail
 c - a +0 buckler (worn)
 k - an orb of energy
 m - the +1 leather armour of the Ladybird (worn) {rC+ rN+ Str+4}
   (You found it on level 2 of the Dungeon)

   Str:       It affects your strength (+4).
   rC:        It protects you from cold.
   rN:        It protects you from negative energy.
Scrolls
 f - a scroll of amnesia {unknown}
 h - a scroll of holy word {unknown}
 i - a scroll of blinking {unknown}
 l - a scroll of noise {unknown}
 o - 2 scrolls of identify {unknown}
 q - a scroll of enchant armour {unknown}
 s - a scroll of enchant weapon {unknown}
Potions
 d - a potion of might
 e - a potion of ambrosia {unknown}
 g - a potion of brilliance {unknown}
 j - a potion of attraction {unknown}
 n - 2 potions of degeneration {unknown}
 p - a potion of curing {unknown}
 r - a potion of flight {unknown}


   Skills:
 + Level 3.4 Fighting
 + Level 2.7 Maces & Flails
 + Level 3.3 Armour
 + Level 3.3 Shields


You had 3 spell levels left.
You didn't know any spells.
Your spell library contained the following spells:

 Spells                   Type           Power      Damage    Failure   Level
 Slow                     Hex            0%         N/A       50%         1
 Blink                    Tloc           0%         N/A       65%         2
 Confusing Touch          Hex            0%         N/A       86%         3
 Lesser Beckoning         Tloc           0%         N/A       86%         3
 Vampiric Draining        Necr           0%         2d6       86%         3
 Manifold Assault         Tloc           0%         N/A       100%        5


Dungeon Overview and Level Annotations

Branches:
Dungeon (3/15)


Innate Abilities, Weirdness & Mutations

You have an increased reservoir of magic. (+10% MP)
You shall have no god before yourself.
Your divine heritage dramatically boosts your attributes as you level up.


Message History

You climb upwards.
There is a stone staircase leading down here.
You barely miss the kobold. The kobold closely misses you.
You closely miss the kobold.
The kobold hits you with a +0 short sword.
The kobold hits you but does no damage.
You closely miss the kobold.
The kobold hits you with a +0 short sword.
* * * LOW HITPOINT WARNING * * *
You sock the kobold!
You kill the kobold!
Items here: ))) †.
You start resting.
HP restored.
There is a stone staircase leading down here.
You climb downwards.
The killer bee zombie misses you.
The killer bee zombie hits you but does no damage. x2
There is a stone staircase leading up, spattered with blood here.
The killer bee zombie closely misses you.
The gnoll hits you from afar with a +0 halberd.
You climb upwards.
There is a stone staircase leading down here.
There is a stone staircase leading down here.
You climb downwards.
There is a stone staircase leading up here.
HP restored.
You see here an adder skeleton.
The gnoll shouts!
You hear a shout!
The gnoll hits you from afar with a +0 halberd!
You block the killer bee zombie's attack.
The gnoll hits you with a +0 halberd! The killer bee zombie hits you.
You barely miss the gnoll. The killer bee zombie hits you.
* * * LOW HITPOINT WARNING * * *
You block the gnoll's attack. The killer bee zombie hits you.
* * * LOW HITPOINT WARNING * * *
The gnoll completely misses you. The gnoll hits you but does no damage.
You block the killer bee zombie's attack.
The killer bee zombie hits you.
You die...

#......# #.#.......##.. #......#
#.#.......##.# #......#
#.#........... #......#
#.#...........
.#####......########.#...........
............>..g.Z...........##'#
######.......#######.##..######.#
#.......#######.###.######.#
#####'#.g.Z@.....÷..........
#.#.#######.###..#####.# #.#.#
#.# ##.#####.. #.#.#######.#
#........ #.#.#.......# ##.......
#.#.#.......# #.......
#.#.#.......######......
..#.#....[..#...........
..#.........#.#####.####


You could see a gnoll and a killer bee zombie.

Vanquished Creatures
  A gnoll shaman (D:2)
  3 gnolls (D:2)
  2 adders
  3 bats
  3 endoplasms
  2 giant cockroaches
  8 goblins
  2 hobgoblins (D:2)
  4 kobolds
  2 quokkas
  3 ball pythons
  2 frilled lizards (D:3)
  4 rats
39 creatures vanquished.

Notes
Turn   | Place    | Note
-------+----------+-------------------------------------------
     0 | D:1      | Jerry the Demigod Fighter began the quest for the Orb.
     0 | D:1      | Reached XP level 1. HP: 18/18 MP: 3/3
  1018 | D:2      | Reached XP level 2. HP: 25/25 MP: 4/4
  1155 | D:2      | Identified the +1 leather armour of the Ladybird {rC+ rN+
                  | Str+4}
  1618 | D:3      | Reached XP level 3. HP: 19/31 MP: 5/5
  2374 | D:2      | Reached XP level 4. HP: 11/38 MP: 6/6
  3633 | D:3      | Slain by a killer bee zombie

Illustrated notes

Levels and vault maps discovered:
D:1:      psy_arrival_conway, layout_basic, chequers_avenue,
          palyth_stone_intersect
D:2:      layout_basic, dreamdust_ecumenical_altar_angels_and_demons,
          nrook_loot_triangle
D:3:      layout_basic

Skill      XL: |  1  2 |
---------------+-------+-----
Maces & Flails | 2 |  2.7
Fighting       | 3 |  3.4
Armour         | 3 |  3.3
Shields        | 3 |  3.3

Action                   |  1- 3 |  4- 6 || total
-------------------------+-------+-------++-------
Melee: Flail             |    93 |    50 ||   143
Armor: Scale mail        |    23 |       ||    23
       Leather armour    |     6 |    26 ||    32
Dodge: Dodged            |    44 |    47 ||    91
Block: Buckler           |    21 |    17 ||    38
